 Dungeon Crawl Stone Soup version 0.23-a0-435-g79ed067 (webtiles) character file.

3619 Azzok the Destroyer (level 9, -1/57 HPs)
             Began as a Demonspawn Fire Elementalist on Nov 15, 2018.
             Was a Follower of Vehumet.
             Slain by a thrashing horror (5 damage)
             ... on level 2 of the Abyss.
             The game lasted 00:15:48 (8214 turns).

Azzok the Destroyer (Demonspawn Fire Elementalist)  Turns: 8214, Time: 00:15:49

Health: -1/57      AC: 13    Str: 13    XL:     9   Next: 86%
Magic:  13/20      EV: 12    Int: 21    God:    Vehumet [*.....]
Gold:   522        SH:  0    Dex: 13    Spells: 10/23 levels left

rFire    + . .     SeeInvis .   g - +1 dagger (venom)
rCold    + . .     Gourm    .   (no shield)
rNeg     . . .     Faith    .   a - +0 robe
rPois    .         Spirit   .   (helmet restricted)
rElec    .         Reflect  .   d - +0 cloak
rCorr    .         Harm     .   f - +0 pair of gloves
MR       .....                  (no boots)
Stlth    ++........             j - amulet of regeneration
HPRegen  0.59/turn              n - ring of protection from fire
MPRegen  0.17/turn              B - ring of protection from cold

@: mighty, sanguine armour
A: horns 2, powered by pain 1, sanguine armour 2
a: Renounce Religion


You were on level 2 of the Abyss.
You worshipped Vehumet.
Vehumet was aware of your devotion.
You were hungry.

You visited 2 branches of the dungeon, and saw 9 of its levels.
You visited the Abyss 1 time.

You collected 522 gold pieces.

Inventory:

Hand Weapons
 g - a +1 dagger of venom (weapon)
 p - the +11 mace of Roenucwusul {protect, SInv, unknown}
   (You found it on level 8 of the Dungeon)

   It protects the one who uses it against injury (+AC on strike).
   It lets you see invisible.
 w - a cursed -2 glaive
Missiles
 h - 62 poisoned needles
Armour
 a - a +0 robe (worn)
 d - a +0 cloak (worn)
 f - a +0 pair of gloves (worn)
 x - a scarf of resistance
 z - the +5 ring mail of Untold Secrets {rC+ rN+ MR+ Dex-2, unknown}
   (You found it on level 2 of the Abyss)

   It affects your dexterity (-2).
   It protects you from cold.
   It protects you from negative energy.
   It affects your resistance to hostile enchantments.
Jewellery
 j - an amulet of regeneration (around neck)
 n - a ring of protection from fire (left hand)
 B - a ring of protection from cold (right hand)
Wands
 t - a wand of disintegration (19)
 C - a wand of enslavement (5)
Scrolls
 b - 2 scrolls of amnesia
 e - 3 scrolls of remove curse
 l - 2 scrolls of blinking
 m - a scroll of vulnerability {unknown}
 o - a scroll of summoning {unknown}
 r - a scroll of teleportation
 s - a scroll of enchant armour
 u - a scroll of fog
 y - 4 scrolls of magic mapping
 D - a scroll of fear
Potions
 i - a potion of lignification
 k - a potion of heal wounds
 q - 4 potions of curing
 v - 3 potions of ambrosia
 A - a potion of cancellation
Comestibles
 c - 9 rations


   Skills:
 - Level 1.7 Dodging
 - Level 1.7 Stealth
 + Level 7.8 Spellcasting
 + Level 8.2 Conjurations
 + Level 8.0 Fire Magic


You had 10 spell levels left.
You knew the following spells:

 Your Spells              Type           Power        Failure   Level  Hunger
a - Flame Tongue          Conj/Fire      #####        1%          1    None
b - Conjure Flame         Conj/Fire      #####...     1%          3    None
c - Sticky Flame          Conj/Fire      #####...     2%          4    ###....
d - Fireball              Conj/Fire      #####.....   8%          5    #####..

Your spell library contained the following spells:

 Spells                   Type           Power        Failure   Level  Hunger
 Shock                    Conj/Air       ####         1%          1    None
 Throw Flame              Conj/Fire      #####.       1%          2    None
 Inner Flame              Hex/Fire       ####....     4%          3    None


Dungeon Overview and Level Annotations

Branches:
Dungeon (8/15)             Temple (1/1) D:7
   Lair: D:8-11

Altars:
Ashenzari
Cheibriados
Dithmenos
Elyvilon
Fedhas
Gozag
Hepliaklqana
Kikubaaqudgha
Makhleb
Nemelex Xobeh
Okawaru
Qazlal
Ru
Sif Muna
Trog
Uskayaw
Vehumet
Wu Jian
Xom
Yredelemnul
Zin
The Shining One

Annotations:
D:8 Grum, Psyche


Innate Abilities, Weirdness & Mutations

You have a pair of horns on your head.
You sometimes gain a little power by taking damage.
When seriously injured, your bleeding wounds create thick armour. (AC +9)


Message History

You hold your ground!
Casting: Sticky Flame (safe; 2% risk of failure)
Confirm with . or Enter, or press ? or * to list all spells.
Aiming: Sticky Flame (safe; 2% risk of failure)
Press: ? - help, Shift-Dir - straight line, f/p - thrashing horror
Aim: a thrashing horror (lightly damaged)
The sticky flame hits the thrashing horror.
The thrashing horror resists.
The thrashing horror is moderately damaged.
The thrashing horror is covered in liquid flames!
The thrashing horror burns!
The thrashing horror tramples you but does no damage. x2
The thrashing horror tramples you!
* * * LOW HITPOINT WARNING * * *
You focus on the pain.
You feel very mighty all of a sudden.
You stumble backwards!
The thrashing horror roars!
The thrashing horror burns!
The thrashing horror tramples you.
You die...

▒▒· ▒··▒ ▒▒···
▒▒··▒▒····· ▒ · ·
▒···▒▒▒·▒▒··▒
····▒▒····▒··▒ ▒
§···········▒▒
···(·······▒ ▒··
···▒···▒·▒▒···▒
▒·▒···▒···▒
▒·@X··▒·······
▒······▒▒···▒····▒
▒·▒▒············▒▒
▒··▒▒··▒ ▒▒▒·▒▒
···· ▒▒▒▒ ▒ ·▒▒··
▒ ▒▒


You could see a thrashing horror (burning).

Vanquished Creatures
  3 skeletal warriors
  Joseph (D:8)
  A hippogriff (D:7)
  Eustachio (D:3)
  A water moccasin (D:7)
  An ice beast (D:8)
  2 ogres
  A big kobold (D:8)
  3 bullfrogs
  A small abomination (Abyss:2)
  A scorpion (D:7)
  A crimson imp (D:4)
  A jelly (D:5)
  A quasit (D:4)
  2 bullfrog skeletons
  3 hounds
  2 gnoll shamans (D:6)
  Terence (D:3)
  An orc wizard (D:8)
  A killer bee zombie (D:7)
  14 gnolls
  4 adders
  3 shadow imps
  2 oozes
  A worm (D:2)
  3 dart slugs
  A leopard gecko (D:8)
  13 orcs
  3 bats
  6 giant cockroaches
  8 hobgoblins
  10 jackals
  3 quokkas (D:5)
  A ball python (D:1)
  3 frilled lizards
  5 goblins
  17 kobolds
  8 rats
134 creatures vanquished.

Notes
Turn   | Place    | Note
-------+----------+-------------------------------------------
     0 | D:1      | Azzok the Demonspawn Fire Elementalist began the quest for
                  | the Orb.
     0 | D:1      | Reached XP level 1. HP: 13/13 MP: 3/3
   486 | D:1      | Gained mutation: When seriously injured, your bleeding
                  | wounds create armour. (AC +9) [demonic ancestry]
   486 | D:1      | Reached XP level 2. HP: 19/19 MP: 3/5
  1492 | D:2      | Gained mutation: You have a pair of small horns on your
                  | head. [demonic ancestry]
  1492 | D:2      | Reached XP level 3. HP: 24/24 MP: 0/6
  1897 | D:2      | Gained mutation: You have a pair of horns on your head.
                  | [demonic ancestry]
  1897 | D:2      | Reached XP level 4. HP: 30/30 MP: 4/8
  3068 | D:3      | Found a faded altar of an unknown god.
  3105 | D:3      | Noticed Terence
  3110 | D:3      | Killed Terence
  3110 | D:3      | Gained mutation: When seriously injured, your bleeding
                  | wounds create thick armour. (AC +9) [demonic ancestry]
  3110 | D:3      | Reached XP level 5. HP: 35/35 MP: 6/9
  3296 | D:3      | Learned a level 3 spell: Conjure Flame
  3341 | D:3      | Learned a level 4 spell: Sticky Flame
  3828 | D:3      | Found a glowing silver altar of Zin.
  4061 | D:4      | Reached XP level 6. HP: 41/41 MP: 11/11
  4079 | D:4      | Noticed Eustachio
  4101 | D:3      | Killed Eustachio
  4625 | D:5      | Entered Level 5 of the Dungeon
  4792 | D:5      | Reached XP level 7. HP: 46/46 MP: 7/13
  5411 | D:6      | Reached skill level 5 in Fire Magic
  5891 | D:6      | Learned a level 5 spell: Fireball
  5991 | D:7      | Reached skill level 5 in Spellcasting
  5991 | D:7      | Reached skill level 5 in Conjurations
  6051 | D:7      | Noticed a skeletal warrior
  6052 | D:7      | Noticed a skeletal warrior
  6053 | D:7      | Noticed a skeletal warrior
  6243 | D:8      | Noticed Grum
  6333 | D:7      | Noticed a skeletal warrior
  6367 | D:7      | Killed a skeletal warrior
  6367 | D:7      | Gained mutation: You sometimes gain a little power by
                  | taking damage. [demonic ancestry]
  6367 | D:7      | Reached XP level 8. HP: 26/52 MP: 0/17
  6624 | D:7      | Found a staircase to the Ecumenical Temple.
  6652 | Temple   | Entered the Ecumenical Temple
  6745 | Temple   | Became a worshipper of Vehumet
  6783 | D:7      | Noticed a skeletal warrior
  6857 | D:6      | Killed a skeletal warrior
  6857 | D:6      | Reached XP level 9. HP: 26/57 MP: 2/19
  7264 | D:7      | Killed a skeletal warrior
  7690 | D:8      | Noticed Joseph
  7706 | D:8      | Killed Joseph
  7832 | D:8      | Got an iridescent mace
  8002 | D:8      | Noticed Psyche
  8025 | D:8      | Cast into level 2 of the Abyss (Psyche)
  8054 | Abyss:2  | Noticed a starcursed mass
  8070 | Abyss:2  | Noticed a starcursed mass
  8098 | Abyss:2  | Got a warped ring mail
  8150 | Abyss:2  | Reached * piety under Vehumet
  8150 | Abyss:2  | Offered knowledge of Shock by Vehumet.
  8156 | Abyss:2  | Noticed a starcursed mass
  8164 | Abyss:2  | Noticed a large abomination
  8201 | Abyss:2  | Noticed a thrashing horror
  8214 | Abyss:2  | Slain by a thrashing horror

Vault maps used:
D:1:      psy_arrival_terrarium, chequers_decorated_corner
D:2:      first_ration
D:3:      zin_scriptorium, chequers_ecumenical_altar_island,
          minmay_stone_trees_small, uniq_terence
D:4:      uniq_eustachio
D:5:      minivault_23
D:7:      temple_pool_b
D:8:      uniq_grum, uniq_psyche, uniq_joseph
Temple:   kilobyte_greek_temple

Skill      XL: |  1  2  3  4  5  6  7  8  9 |
---------------+----------------------------+-----
Fire Magic     | 3 4 6 8 |  8.0
Conjurations   | 2 3 4 6 7 8 |  8.2
Spellcasting   | 3 4 6 7 |  7.8
Dodging        | |  1.7
Stealth        | |  1.7

Action                   |  1- 3 |  4- 6 |  7- 9 || total
-------------------------+-------+-------+-------++-------
Melee: Unarmed           |     5 |       |       ||     5
       Short sword       |    30 |     4 |       ||    34
       Headbutt          |     5 |     3 |       ||     8
       Dagger            |       |    14 |     6 ||    20
 Cast: Flame Tongue      |    59 |    81 |   147 ||   287
       Sticky Flame      |       |     3 |    29 ||    32
       Conjure Flame     |       |       |     2 ||     2
       Fireball          |       |       |     5 ||     5
  Use: Scroll            |     5 |     1 |    13 ||    19
  Eat: Chunk             |     4 |     9 |     8 ||    21
       Ration            |       |       |     2 ||     2
Armor: Robe              |    20 |    20 |    23 ||    63
Dodge: Dodged            |    55 |    76 |    85 ||   216

Table legend:
 A = Non-vault XP
 B = Vault XP
 C = Vault XP percentage of total XP
 D = Non-vault monster count
 E = Vault monster count
 F = Vault count percentage of total count
                 A         B        C        D         E       F
            +---------+---------+-------+---------+---------+-------
      Total |    4535 |     636 |  12.3 |     131 |       3 |   2.2
            +---------+---------+-------+---------+---------+-------
        D:1 |      30 |       0 |   0.0 |      19 |       0 |   0.0
        D:2 |     136 |       0 |   0.0 |      31 |       0 |   0.0
        D:3 |     128 |     233 |  64.5 |      16 |       2 |  11.1
        D:4 |     167 |       0 |   0.0 |       7 |       0 |   0.0
        D:5 |      85 |       0 |   0.0 |       9 |       0 |   0.0
        D:6 |    1154 |       0 |   0.0 |      19 |       0 |   0.0
        D:7 |    2245 |       0 |   0.0 |      14 |       0 |   0.0
        D:8 |     508 |     403 |  44.2 |      15 |       1 |   6.2
    Abyss:2 |      82 |       0 |   0.0 |       1 |       0 |   0.0
            +---------+---------+-------+---------+---------+-------
